 Dungeon Crawl Stone Soup version 0.30.1-3-gfc49f6343a (webtiles) character file.

Game seed: 15764110797101406709

4557 Zeor the Cruncher (level 10, 0/51 (59) HPs)
             Began as a Gargoyle Reaver on July 19, 2023.
             Was a Believer of Wu Jian.
             Slain by an Executioner (4 damage)
             ... on level 1 of the Abyss.
             The game lasted 00:46:45 (9819 turns).

Zeor the Cruncher (Gargoyle Reaver)                 Turns: 9819, Time: 00:46:47

HP:   0/51 (59)     AC: 15    Str: 16    XL:     10   Next: 40%
MP:   18/18         EV: 12    Int: 18    God:    Wu Jian [**....]
Gold: 345           SH:  0    Dex:  8    Spells: 10/19 levels left

rFire   . . .        a - +2 lajatang (vamp)
rCold   . . .        (shield currently unavailable)
rNeg    + + +        f - +2 robe of Salvation {Contam rElec rN+}
rPois   ∞            (no helmet)
rElec   +            (no cloak)
rCorr   .            q - +1 pair of gloves
SInv    .            l - +1 pair of boots
Will    .....        j - amulet of magic regeneration
Stlth   ++           w - ring of positive energy
HPRegen 0.28/turn    o - ring of flight
MPRegen 0.56/turn

%: no passive effects
@: flying, heavily drained
A: sickness immunity, AC +7, negative energy resistance 1, electricity
resistance, torment resistance 1, petrification resistance
a: Renounce Religion, Wall Jump


You were on level 1 of the Abyss.
You worshipped Wu Jian.
Wu Jian was pleased with you.
You visited 2 branches of the dungeon, and saw 10 of its levels.
You visited the Abyss 1 time.

You collected 441 gold pieces.
You spent 96 gold pieces at shops.

Inventory:

Hand Weapons
 a - a +2 vampiric lajatang (weapon)
 u - a +0 mace
 C - the +7 dagger "X" {freeze, Fly rPois rF- SInv}
   (You found it on level 8 of the Dungeon)

   rF:        It makes you vulnerable to fire.
   rPois:     It protects you from poison.
   SInv:      It lets you see invisible.
   Fly:       It grants you flight.
 F - a +1 quarterstaff
Missiles
 k - 5 atropa-tipped darts
 z - 5 boomerangs
Armour
 c - a +2 ring mail of willpower
 f - the +2 robe of Salvation (worn) {Contam rElec rN+}
   (You found it on level 2 of the Dungeon)

   rElec:     It insulates you from electricity.
   rN:        It protects you from negative energy.
   Contam:    It causes magical contamination when unequipped.
 l - a +1 pair of boots (worn)
 q - a +1 pair of gloves (worn)
 y - a +2 ring mail of fire resistance
Magical Staves
 e - a staff of air
Jewellery
 j - an amulet of magic regeneration (around neck)
 o - a ring of flight (right hand)
 s - a ring of fire
 w - a ring of positive energy (left hand)
Wands
 x - a wand of flame (22)
 A - a wand of charming (6)
Scrolls
 d - a scroll of amnesia
 g - a scroll of teleportation
 h - 2 scrolls of vulnerability
 v - 2 scrolls of fog
 D - a scroll of fear
 E - 3 scrolls of magic mapping
Potions
 b - a potion of lignification
 i - 2 potions of haste
 m - 7 potions of curing
 n - 2 potions of resistance
 p - a potion of flight
 r - a potion of magic
 t - a potion of invisibility {unknown}
 B - 2 potions of might


   Skills:
 + Level 5.2 Fighting
 + Level 4.1(7.3) Maces & Flails
 * Level 9.4(9.8) Staves
 * Level 4.3 Armour
 + Level 4.3 Dodging
 + Level 3.2 Stealth
 * Level 5.4 Spellcasting
 * Level 5.6 Conjurations
 + Level 0.6 Necromancy
 + Level 1.1 Translocations
 + Level 0.9 Ice Magic


You had 10 spell levels left.
You knew the following spells:

 Your Spells              Type           Power      Damage    Failure   Level
a - Kiss of Death         Conj/Necr      64%        2d10      3%          1
b - Momentum Strike       Conj/Tloc      34%        3d8       4%          2
c - Hailstorm             Conj/Ice       16%        3d6       10%         3
d - Stone Arrow           Conj/Erth      30%        3d8       12%         3

Your spell library contained the following spells:

 Spells                   Type           Power      Damage    Failure   Level
 Lesser Beckoning         Tloc           18%        N/A       12%         2
 Gell's Gravitas          Tloc           9%         N/A       24%         3
 Teleport Other           Tloc           9%         N/A       24%         3
 Portal Projectile        Hex/Tloc       12%        N/A       30%         3
 Summon Guardian Golem    Hex/Summ       4%         N/A       36%         3
 Tukima's Dance           Hex            4%         N/A       36%         3
 Animate Armour           Summ/Erth      10%        N/A       77%         4
 Blade Hands              Tmut           2%         N/A       98%         5
 Orb of Destruction       Conj           12%        9d7       100%        7
 Spellforged Servitor     Conj/Summ      7%         N/A       100%        7
 Lehudib's Crystal Spear  Conj/Erth      7%         10d3      100%        8


Dungeon Overview and Level Annotations

Branches:
Dungeon (9/15)             Temple (1/1) D:4
   Lair: D:8-11         Orc: D:9-12

Altars:
Cheibriados
Dithmenos
Elyvilon
Fedhas
Gozag
Kikubaaqudgha
Makhleb
Nemelex Xobeh
Okawaru
Qazlal
Ru
Sif Muna
Trog
Uskayaw
Vehumet
Wu Jian
Xom
Zin
The Shining One

Shops:
D:5 (   D:7 =

Annotations:
D:8 1 runed translucent door, bahustanut's ghost, novice TrTm
D:9 Erolcha


Innate Abilities, Weirdness & Mutations

You are immune to sickness and miasma.
Your stone body is resilient. (AC +7)
You are immune to poison.
You resist negative energy. (rN+)
You are resistant to electric shocks. (rElec)
You are resistant to unholy torment.
You are immune to petrification.


Message History

Erolcha is severely wounded.
You closely miss Erolcha.
Erolcha is severely wounded.
Erolcha barely misses you.
You slash Erolcha!
Erolcha is almost dead.
You barely miss Erolcha.
Erolcha is almost dead.
Erolcha casts a spell at you.
You are cast into the Abyss!
This branch contains the abyssal rune of Zot.
An ufetubus comes into view.
A thrashing horror comes into view.
A small abomination comes into view.
Okay, then.
A small abomination comes into view.
A bone dragon comes into view.
The small abomination attacks as you move away!
The small abomination barely misses you.
The small abomination attacks as you move away!
The small abomination closely misses you.
The small abomination hits you.
You slice the small abomination!!
The small abomination is severely damaged.
The small abomination hits you!
You barely miss the small abomination.
The small abomination is severely damaged.
The small abomination hits you! The small abomination hits you.
You slash the small abomination!
You destroy the small abomination!
The Council accepts your kill.
The small abomination attacks as you move away!
The small abomination hits you.
An Executioner comes into view.
The Executioner hits you!
* * * LOW HITPOINT WARNING * * *
The Executioner hits you but does no damage.
The Executioner hits you.
You die...

▒▒∙▒ ▒∙ ∙∙∙▒∙∙∙∙▒
▒▒ ∙∙
▒∙∙▒∙∙∙∙∙∙▒▒▒▒∙∙
∙∙▒ ∙∙∙▒∙▒∙∙▒∙▒∙∙
▒∙∙∙∙∙∙∙∙∙▒∙∙∙▒▒∙
▒∙∙▒∙∙∙∙∙▒∙▒∙∙∙∙∙
▒∙▒∙▒ ▒∙∙▒∙∙▒∙∙▒ ▒
▒▒▒∙∙∙▒∙∙▒∙D∙∙▒
∙▒▒▒∙
▒∙▒▒∙▒∙∙∙∙x▒▒∙∙∙∙∙∙


∙∙∙∙ ▒∙▒∙▒▒▒91∙▒ ▒∙∙▒▒▒∙▒▒∙▒∙∙▒∙▒ ∙ ▒▒ ▒∙∙∙ ∙▒ ∙∙∙∙∙ ▒ ∙▒▒▒▒∙∙ ∙∙ ▒∙▒ ∙▒ ▒∙ ∙▒
∙∙ You could see a bone dragon, an Executioner and a small abomination.

Vanquished Creatures
  A spectral unseen horror (D:9)
  An unseen horror zombie (D:9)
  A queen bee (D:8)
  4 water moccasins
  4 orc warriors
  2 black bears
  5 ice beasts
  2 sky beasts
  A small abomination (Abyss:1)
  2 ogres
  3 centaurs
  2 bullfrogs (D:7)
  A wyvern skeleton (D:9)
  5 wights
  10 killer bees (D:8)
  A centaur zombie (D:9)
  3 jellies
  5 orc priests
  2 sleepcaps
  A hound (D:7)
  Jessica (D:2)
  3 iguanas
  4 orc wizards
  A howler monkey zombie (D:9)
  4 gnolls (D:7)
  8 adders
  2 dart slugs (D:2)
  41 orcs
  10 ball pythons
  8 bats
  7 endoplasms
  2 giant cockroaches (D:3)
  9 goblins
  9 hobgoblins
  13 jackals
  5 kobolds
  2 quokkas
  3 frilled lizards
  5 rats
193 creatures vanquished.

Notes
Turn   | Place    | Note
-------+----------+-------------------------------------------
     0 | D:1      | Zeor the Gargoyle Reaver began the quest for the Orb.
     0 | D:1      | Reached XP level 1. HP: 12/12 MP: 3/3
   136 | D:1      | Reached XP level 2. HP: 14/17 MP: 3/5
   727 | D:1      | Reached XP level 3. HP: 22/22 MP: 6/6
  1202 | D:2      | Learned a level 2 spell: Momentum Strike
  1401 | D:2      | Found a faded altar of an unknown god.
  1471 | D:2      | Reached XP level 4. HP: 26/27 MP: 7/7
  1533 | D:2      | Reached skill level 1 in Armour
  1608 | D:2      | Noticed Jessica
  1614 | D:2      | Killed Jessica
  2048 | D:2      | Identified the +2 robe of Salvation {Contam rElec rN+}
  2077 | D:2      | Reached XP level 5. HP: 26/27 MP: 6/8
  2437 | D:3      | Reached skill level 1 in Staves
  2828 | D:3      | Learned a level 3 spell: Hailstorm
  3482 | D:4      | Reached skill level 1 in Stealth
  3672 | D:4      | Noticed a water moccasin
  3689 | D:4      | Killed a water moccasin
  3690 | D:4      | Reached skill level 2 in Staves
  3690 | D:4      | Reached XP level 6. HP: 10/37 MP: 9/9
  3837 | D:4      | Found a staircase to the Ecumenical Temple.
  3847 | Temple   | Entered the Ecumenical Temple
  4704 | D:5      | Entered Level 5 of the Dungeon
  4741 | D:5      | HP: 1/26 [ogre/+0 giant club (5)]
  4744 | D:5      | Reached skill level 3 in Staves
  4744 | D:5      | Reached XP level 7. HP: 11/30 MP: 9/11
  5124 | D:5      | Found Paonisow's Antique Weapon Shop.
  5147 | D:5      | Bought a quarterstaff for 96 gold pieces
  5301 | D:5      | Found a bloodstained altar of Trog.
  5433 | D:6      | Reached skill level 4 in Staves
  5714 | D:6      | Reached XP level 8. HP: 46/46 MP: 10/12
  5819 | D:6      | Reached skill level 5 in Staves
  6455 | D:7      | Reached skill level 6 in Staves
  6706 | D:7      | Reached XP level 9. HP: 30/52 MP: 13/15
  6966 | D:7      | Reached skill level 7 in Staves
  7107 | D:7      | Found an ancient bone altar of Kikubaaqudgha.
  7111 | D:7      | Found Kuazaf's Jewellery Shop.
  7474 | D:7      | Learned a level 3 spell: Stone Arrow
  7838 | D:2      | Prayed at the altar of an unknown god.
  7838 | D:2      | Became a worshipper of the Wu Jian Council
  7838 | D:2      | Reached * piety under Wu Jian
  8096 | D:8      | Noticed a queen bee
  8120 | D:8      | Killed a queen bee
  8121 | D:8      | Reached skill level 8 in Staves
  8121 | D:8      | Reached skill level 5 in Conjurations
  8142 | D:8      | Reached skill level 5 in Spellcasting
  8352 | D:8      | Reached skill level 1 in Translocations
  8352 | D:8      | Reached XP level 10. HP: 22/58 MP: 4/17
  8528 | D:8      | Found a runed translucent door.
  8808 | D:8      | Identified the +7 dagger "X" {freeze, Fly rPois rF- SInv}
  9174 | D:8      | Identified a scroll of acquirement
  9174 | D:8      | Acquired a +2 vampiric lajatang
  9351 | D:8      | Noticed bahustanut's ghost (novice TrTm)
  9472 | D:9      | Reached skill level 9 in Staves
  9494 | D:9      | Noticed a spectral unseen horror
  9510 | D:9      | Killed a spectral unseen horror
  9511 | D:9      | Reached skill level 5 in Fighting
  9522 | D:9      | Reached ** piety under Wu Jian
  9699 | D:9      | Noticed Erolcha
  9731 | Abyss:1  | Cast into level 1 of the Abyss (Erolcha)
  9771 | Abyss:1  | Noticed a thrashing horror
  9801 | Abyss:1  | Noticed a wretched star
  9803 | Abyss:1  | Noticed a bone dragon
  9819 | Abyss:1  | Noticed an Executioner
  9819 | Abyss:1  | Slain by an Executioner

Illustrated notes

Levels and vault maps discovered:
D:1:      dpeg_arrival_simpleton_c, layout_basic
D:2:      wad_river_or_something, layout_loops_ring,
          hellmonk_ecumenical_altar_inner_sanctum, uniq_jessica
D:3:      layout_basic, glass_columns_a
D:4:      layout_basic, temple_pool_b
D:5:      layout_rooms, trog_book, serial_shops, nicolae_diamond_shop
D:6:      layout_loops_ring, kennysheep_generic_room_16
D:7:      layout_gridville, mainiacjoe_overflow_six_doors_small, serial_shops,
          shop, minmay_bent
D:8:      layout_basic, ebering_ghost_reflecting_pool,
          nicolae_looking_at_the_future
D:9:      layout_irregular_city, hangedman_weighted_door, uniq_erolcha
Temple:   nicolae_temple_slightly_damp_pantheon
Abyss:1:  base:
D:7

Skill      XL: |  1  2  3  4  5  6  7  8  9 10 |
---------------+-------------------------------+-----
Armour         | 2 3 4 |  4.3
Maces & Flails | 4 |  4.1
Staves         | 2 3 4 6 8 9 |  9.4
Stealth        | 2 3 |  3.2
Fighting       | 3 4 5 |  5.2
Dodging        | 2 3 4 |  4.3
Spellcasting   | 3 4 5 |  5.4
Conjurations   | 4 5 |  5.6
Translocations | 1 |  1.1
Necromancy     | |  0.6
Ice Magic      | |  0.9

Action                     |  1- 3 |  4- 6 |  7- 9 | 10-12 || total
---------------------------+-------+-------+-------+-------++-------
  Melee: Mace              |    95 |       |       |       ||    95
         Staff             |     6 |   296 |    40 |       ||   342
         Punch             |       |     5 |       |       ||     5
         Quarterstaff      |       |       |   301 |    43 ||   344
         Lajatang          |       |       |       |    69 ||    69
   Cast: Kiss of Death     |     1 |     7 |     6 |     1 ||    15
         Momentum Strike   |       |    10 |    40 |     1 ||    51
         Hailstorm         |       |     2 |    17 |     2 ||    21
         Stone Arrow       |       |       |       |     1 ||     1
Ability: Whirlwind         |       |       |     1 |    19 ||    20
         Lunge             |       |       |     1 |     3 ||     4
         Wall Jump         |       |       |       |     1 ||     1
    Use: Scroll            |     4 |     5 |    10 |     2 ||    21
         Potion            |       |     1 |     3 |       ||     4
   Stab: Sleeping          |       |       |     2 |       ||     2
 Armour: Leather armour    |    19 |       |       |       ||    19
         Ring mail         |    33 |    30 |       |       ||    63
         Robe              |       |   109 |   186 |    85 ||   380
  Dodge: Dodged            |    56 |   185 |   208 |    79 ||   528
